[Event "Team 45 45 League T68"]
[Site "Internet Chess Club"]
[Date "2016.04.16"]
[Round "6"]
[White "olivermx"]
[Black "mongmong"]
[Result "0-1"]
[WhiteElo "1297"]
[BlackElo "1562"]
[Opening "French: exchange variation"]
[ECO "C01"]
[Time "11:17:10"]
[TimeControl "2700+45"]

1. e4 e6 2. d4 d5 3. exd5 exd5 4. Nf3 Nf6 5. Bb5+ c6 6. Ba4 Bg4 7. Be3 Bd6 8.
Nbd2 Ne4 9. O-O Nxd2 10. Bxd2 O-O 11. c3 Qf6 12. Bc2 Bxf3 13. Qxf3 Qxf3 14. gxf3
Nd7 15. Kh1 f5 16. Rg1 Rf7 17. Bg5 Re8 18. Rae1 Rxe1 19. Rxe1 Kf8 20. Bh4 h6 21.
f4 g6 22. Bg3 Re7 23. Rxe7 Kxe7 24. Bh4+ Kf7 25. Bg3 Nf6 26. Kg2 Ke6 27. Kf3 Ne4
28. Bxe4 dxe4+ 29. Ke3 b5 30. f3 Kd5 31. fxe4+ fxe4 32. b3 c5 33. dxc5 Bxc5+ 34.
Ke2 a5 35. Bf2 Ba3 36. Ke3 Bc1+ 37. Ke2 Bxf4 38. Bg3 Bc1 39. Bc7 a4 40. Ba5 g5
41. h3 h5 42. Bd8 g4 43. hxg4 hxg4 44. Bh4 Bf4 45. Bf2 Be5 46. Be1 g3 47. Ke3 g2
48. c4+ bxc4 49. bxc4+ Kxc4 50. Bf2 Bd4+ 51. Ke2 g1=Q 52. Bxg1 Bxg1 {White
resigns} 0-1

[Event "Team 45 45 League T68"]
[Site "Internet Chess Club"]
[Date "2016.04.15"]
[Round "6"]
[White "rhayder"]
[Black "Andaluz"]
[Result "0-1"]
[WhiteElo "1308"]
[BlackElo "1353"]
[Opening "Sicilian: Najdorf, Opocensky variation"]
[ECO "B92"]
[Time "14:10:18"]
[TimeControl "2700+45"]

1. e4 c5 2. Nf3 d6 3. d4 cxd4 4. Nxd4 Nf6 5. Nc3 a6 6. Be2 Bd7 7. O-O Nc6 8. h3
g6 9. Be3 Bg7 10. Qd2 O-O 11. Bh6 Nxd4 12. Bxg7 Nxe2+ 13. Nxe2 Kxg7 14. Nc3 Rc8
15. Rfe1 Qc7 16. Rac1 Bc6 17. Nd5 Bxd5 18. exd5 b5 19. Re3 Rfe8 20. Ra3 Ra8 21.
Qd4 Rec8 22. Re3 Qc5 23. Qxc5 Rxc5 24. Rxe7 Rxd5 25. Rc7 Rc5 26. Rxc5 dxc5 27.
c4 b4 28. b3 Rd8 29. Rc2 Ne4 30. f3 Rd2 31. Rxd2 Nxd2 32. Kf2 Kf6 33. Ke3 Nb1
34. Ke4 Ke6 35. Kf4 Kf6 36. Ke4 Nc3+ 37. Kf4 Nxa2 {White resigns} 0-1

[Event "Team 45 45 League T68"]
[Site "Internet Chess Club"]
[Date "2016.04.17"]
[Round "6"]
[White "chesster3145"]
[Black "stantheman59"]
[Result "1-0"]
[WhiteElo "1203"]
[BlackElo "1171"]
[Opening "Ruy Lopez: classical defense, 4.c3"]
[ECO "C64"]
[Time "19:36:23"]
[TimeControl "2700+45"]

1. e4 e5 2. Nf3 Nc6 3. Bb5 Bc5 4. c3 Nf6 5. d3 O-O 6. Bxc6 dxc6 7. Nxe5 Bd6 8.
Nc4 b5 9. Nxd6 cxd6 10. Bf4 Re8 11. O-O c5 12. a4 b4 13. Qf3 Bg4 14. Qg3 bxc3
15. Nxc3 a6 16. Bg5 Be6 17. Qh4 Rb8 18. Bxf6 Qxf6 19. Qxf6 gxf6 20. f4 Rxb2 21.
f5 Bd7 22. Nd5 Kg7 23. Rf3 Reb8 24. Rg3+ Kf8 25. Nxf6 Rb1+ 26. Rxb1 Rxb1+ 27.
Kf2 Ke7 28. Nxh7 Bxa4 29. Kf3 Rb3 30. Kf4 Bb5 31. f6+ Kd7 32. Rg7 Ke6 33. Kg5
Bxd3 34. Nf8+ Ke5 35. Rxf7 c4 36. Re7+ Kd4 37. Ne6+ Ke3 38. f7 Rb2 39. Nf4 Rb5+
40. Kg4 Be2+ 41. Nxe2 Kxe2 42. f8=Q c3 43. Qf3+ Kd2 44. Re6 Rb6 45. Qf4+ Kd3 46.
Rxd6+ Rxd6 47. Qxd6+ Kc2 48. Qxa6 Kb1 49. Qc6 c2 50. Qxc2+ Kxc2 51. e5 Kd3 52.
e6 Ke4 53. e7 Ke5 54. e8=Q+ Kf6 55. h4 Kg7 56. Qe6 Kh7 57. Qf6 Kg8 58. Qe7 Kh8
59. Kg5 Kg8 60. Kg6 Kh8 61. Qg7# {Black checkmated} 1-0

[Event "Team 45 45 League T68"]
[Site "Internet Chess Club"]
[Date "2016.04.13"]
[Round "6"]
[White "chips"]
[Black "oldbookseller"]
[Result "1-0"]
[WhiteElo "1243"]
[BlackElo "1022"]
[Opening "Polish (Sokolsky) opening"]
[ECO "A00"]
[Time "12:30:34"]
[TimeControl "2700+45"]

1. b4 g6 2. Bb2 b6 3. Bxh8 Bb7 4. Bb2 e6 5. a3 Ne7 6. d3 d6 7. e4 e5 8. Nf3 Nd7
9. c3 Bg7 10. Qb3 Kf8 11. Ng5 c5 12. Qxf7# {Black checkmated} 1-0

[Event "Team 45 45 League T68"]
[Site "Internet Chess Club"]
[Date "2016.04.14"]
[Round "6"]
[White "jjaillet2007"]
[Black "MasterD"]
[Result "0-1"]
[WhiteElo "1281"]
[BlackElo "1471"]
[Opening "Nimzo-Indian: Leningrad variation"]
[ECO "E30"]
[Time "20:04:49"]
[TimeControl "2700+45"]

1. d4 Nf6 2. c4 e6 3. Nc3 Bb4 4. Bg5 Bxc3+ 5. bxc3 O-O 6. e3 d6 7. Bd3 Nbd7 8.
Nf3 b6 9. O-O Bb7 10. Re1 c5 11. Rc1 Qc7 12. Bxf6 Nxf6 13. Bb1 Rac8 14. e4 d5
15. exd5 exd5 16. cxd5 Bxd5 17. c4 Bb7 18. d5 Rfe8 19. Bf5 Rxe1+ 20. Qxe1 Re8
21. Qd1 Qf4 22. Bb1 Ba6 23. Bd3 Ng4 24. g3 Qf6 25. Qc2 Qxf3 26. Bxh7+ Kh8 27.
Qf5 Qxf5 28. Bxf5 Ne5 29. d6 Nxc4 30. Bd3 b5 31. Bxc4 bxc4 32. d7 Rd8 33. Rd1
Bb5 34. Rd5 Rxd7 35. Rxc5 Ba6 36. f4 Rd8 37. a4 Rc8 38. Ra5 c3 {White resigns}
0-1

[Event "Team 45 45 League T68"]
[Site "Internet Chess Club"]
[Date "2016.04.16"]
[Round "6"]
[White "Just-Jim"]
[Black "awesomecool"]
[Result "1-0"]
[WhiteElo "1289"]
[BlackElo "1128"]
[Opening "Van't Kruijs opening"]
[ECO "A00"]
[Time "18:30:23"]
[TimeControl "2700+45"]

1. e3 e5 2. c4 Nf6 3. d3 Bc5 4. Nc3 O-O 5. Be2 Nc6 6. a3 d5 7. b3 d4 8. Na4 Be7
9. e4 Nd7 10. Nf3 Nb6 11. Nxb6 axb6 12. O-O f5 13. h3 fxe4 14. dxe4 Be6 15. Nh2
h6 16. f4 Bd6 17. Bg4 Qe7 18. fxe5 Bxe5 19. Bxe6+ Qxe6 20. Nf3 Bf6 21. Qd3 Rad8
22. Bb2 Rd6 23. b4 Qd7 24. b5 Na5 25. e5 Re6 26. exf6 Rexf6 27. Ne5 Qd6 28. Rxf6
Qxf6 29. Nd7 Qf2+ 30. Kh1 Qxb2 31. Rb1 Qf2 32. Nxf8 Qxf8 33. Qxd4 c5 34. Qd7 Qf2
35. Qd8+ Kh7 36. Qd3+ Kh8 37. Rf1 Qxf1+ 38. Qxf1 Nb3 39. Qf8+ Kh7 40. Qe7 Nd2
41. Qxb7 Nxc4 42. Qe4+ g6 43. Qxc4 h5 44. Qe6 c4 45. Qxb6 c3 46. Qc7+ Kh6 47. b6
c2 48. b7 c1=Q+ 49. Qxc1+ {Black resigns} 1-0

[Event "Team 45 45 League T68"]
[Site "Internet Chess Club"]
[Date "2016.04.18"]
[Round "6"]
[White "ChessHouston"]
[Black "modiglani"]
[Result "1-0"]
[WhiteElo "1871"]
[BlackElo "1839"]
[Opening "Scandinavian (center counter) defense"]
[ECO "B01"]
[Time "14:11:12"]
[TimeControl "2700+45"]

1. e4 d5 2. e5 c5 3. Bb5+ Bd7 4. Qe2 a6 5. Bxd7+ Qxd7 6. a4 Nc6 7. c3 g6 8. Nf3
Bg7 9. d4 cxd4 10. cxd4 Nh6 11. O-O Nf5 12. Rd1 Rc8 13. Nc3 O-O 14. a5 e6 15.
Na4 Qc7 16. Nb6 Rcd8 17. Bg5 Nfe7 18. Rac1 h6 19. Bd2 Qb8 20. g4 Kh7 21. Kg2 Nc8
22. Na4 N8a7 23. Qd3 Nb5 24. h4 f5 25. h5 gxh5 26. gxf5 exf5 27. Nc5 Nbxd4 28.
Nxd4 Nxd4 29. Qxd4 Bxe5 30. Qh4 Rg8+ 31. Kh1 d4 32. Ne6 Qd6 33. Nf4 Bxf4 34.
Qxf4 Qd5+ 35. f3 Rg4 36. Qxh6+ Kg8 37. Rf1 Rh4+ 38. Kg1 Qe5 39. Qg5+ Qg7 40.
Qxg7+ Kxg7 41. Bg5 {Black resigns} 1-0

[Event "Team 45 45 League T68"]
[Site "Internet Chess Club"]
[Date "2016.04.17"]
[Round "6"]
[White "PolishRyszard"]
[Black "LiangLiang"]
[Result "0-1"]
[WhiteElo "1854"]
[BlackElo "1856"]
[Opening "Trompowsky attack (Ruth, Opocenský opening)"]
[ECO "A45"]
[Time "13:02:04"]
[TimeControl "2700+45"]

1. d4 Nf6 2. Bg5 Ne4 3. Bf4 c5 4. d5 d6 5. f3 Nf6 6. e4 g6 7. Nc3 Bg7 8. Qd2
Nbd7 9. O-O-O a6 10. Bh6 O-O 11. Nge2 b5 12. Ng3 b4 13. Nce2 Qa5 14. Kb1 Rb8 15.
Nc1 Qb6 16. Nf5 gxf5 17. Qg5 Ne8 18. h4 f6 19. Qf4 Ne5 20. h5 Bxh6 21. Qxh6 fxe4
22. Be2 Ng7 23. fxe4 Nf7 24. Qf4 h6 25. Nd3 Ng5 26. Nf2 Bd7 27. Rde1 a5 28. Bg4
Bxg4 29. Nxg4 Kh7 30. Ne3 Qb5 31. b3 a4 32. Nc4 axb3 33. cxb3 Ra8 34. g4 Qa6 35.
Rh2 Qb7 36. Rd2 Rab8 37. Ree2 Qd7 38. Re1 Nf7 39. Rc2 Ne5 40. Rg1 Nxc4 41. Rxc4
Ne8 42. g5 Rg8 43. g6+ Kg7 44. Rf1 Nc7 45. Rc2 Nb5 46. e5 Na3+ 47. Kb2 dxe5 48.
Qxe5 Nxc2 49. Kxc2 Ra8 50. Kb1 Ra3 51. Rf2 Rga8 52. Qe4 Qa7 53. Qe6 Rxb3+ 54.
Ka1 Rf8 55. d6 Rc3 56. Kb1 exd6 57. Qxd6 Re3 58. Rc2 Re1+ 59. Rc1 Rxc1+ 60. Kxc1
Re8 61. Qd5 Qa3+ 62. Kd1 Re7 63. Qxc5 Qd3+ 64. Kc1 Re1+ 65. Kb2 Qb1# {White
checkmated} 0-1

[Event "Team 45 45 League T68"]
[Site "Internet Chess Club"]
[Date "2016.04.15"]
[Round "6"]
[White "kllrchris"]
[Black "kaiclc"]
[Result "0-1"]
[WhiteElo "1691"]
[BlackElo "1305"]
[Opening "French: Tarrasch, closed variation, main line"]
[ECO "C06"]
[Time "17:31:47"]
[TimeControl "2700+45"]

1. e4 e6 2. d4 d5 3. Nd2 Nf6 4. e5 Nfd7 5. Bd3 c5 6. c3 Nc6 7. Ne2 cxd4 8. cxd4
Ne7 9. O-O f6 10. Nf4 fxe5 11. Nxe6 Qb6 12. Nxf8 Rxf8 13. Qh5+ g6 14. Qxh7 e4
15. Be2 Qxd4 16. Nb3 Qe5 17. Be3 Rh8 18. Bd4 Rxh7 19. Bxe5 Nxe5 20. Rad1 Be6 21.
Nd4 Bf7 22. Nb5 Kf8 23. Nd6 Be6 24. Nxb7 Rb8 25. Nc5 Bf7 26. b3 Kg7 27. a4 Rbh8
28. h3 Nf5 29. Rc1 Nd4 30. Bd1 Ndf3+ 31. gxf3 exf3 32. Be2 fxe2 {White resigns}
0-1

[Event "Team 45 45 League T68"]
[Site "Internet Chess Club"]
[Date "2016.04.16"]
[Round "6"]
[White "justice02"]
[Black "watkins"]
[Result "1-0"]
[WhiteElo "1648"]
[BlackElo "1511"]
[Opening "Catalan: open, 5.Nf3"]
[ECO "E04"]
[Time "07:00:35"]
[TimeControl "2700+45"]

1. Nf3 Nf6 2. c4 e6 3. g3 d5 4. d4 dxc4 5. Bg2 c6 6. O-O Be7 7. Ne5 O-O 8. a4
Nbd7 9. Nxc4 Nd5 10. e4 N5b6 11. Ne3 Nf6 12. b3 Rb8 13. Bb2 c5 14. a5 Nbd7 15.
e5 Ne8 16. d5 exd5 17. Bxd5 Nc7 18. Be4 Ne6 19. Nf5 Re8 20. Bc2 Qc7 21. Re1 Ndf8
22. Nc3 Ng6 23. Nd5 Qd8 24. Qh5 Qxd5 25. Rad1 Qc6 26. Be4 Qb5 27. Nd6 Bxd6 28.
exd6 Bd7 29. Qf3 Ng5 30. Qc3 f6 31. Bd5+ Kh8 32. h4 Rxe1+ 33. Rxe1 Nh3+ 34. Kg2
Ne5 35. Rxe5 Bc6 36. Rf5 Bxd5+ 37. Rxd5 Qd7 38. Rxc5 Qg4 39. f3 Nf4+ 40. Kf2
Nh3+ 41. Kf1 Qd7 42. Rc7 Qe6 43. d7 Qa6+ 44. Qc4 Qd6 45. Rc8+ {Black resigns}
1-0

[Event "Team 45 45 League T68"]
[Site "Internet Chess Club"]
[Date "2016.04.14"]
[Round "6"]
[White "fishhead"]
[Black "Zebbile"]
[Result "0-1"]
[WhiteElo "1860"]
[BlackElo "1995"]
[Opening "Alekhine's defense: Scandinavian variation"]
[ECO "B02"]
[Time "20:01:04"]
[TimeControl "2700+45"]

1. e4 Nf6 2. Nc3 d5 3. e5 Ne4 4. d4 Nxc3 5. bxc3 c5 6. Be3 Qa5 7. Qd2 Nc6 8. Nf3
Bg4 9. Be2 e6 10. O-O Bxf3 11. gxf3 cxd4 12. Bxd4 Nxd4 13. Qxd4 Rc8 14. Rfb1 Bc5
15. Bb5+ Kf8 16. Qd3 a6 {White resigns} 0-1

[Event "Team 45 45 League T68"]
[Site "Internet Chess Club"]
[Date "2016.04.16"]
[Round "6"]
[White "room-matt"]
[Black "hewdondada"]
[Result "1-0"]
[WhiteElo "1835"]
[BlackElo "1674"]
[Opening "Richter-Veresov attack"]
[ECO "D01"]
[Time "07:16:15"]
[TimeControl "2700+45"]

1. d4 d5 2. Nc3 Nf6 3. Bg5 Nbd7 4. Nf3 e6 5. Qd3 Be7 6. e3 c6 7. Be2 h6 8. Bh4
O-O 9. O-O-O c5 10. dxc5 Nxc5 11. Qd4 Nfe4 12. Nxe4 Nxe4 13. Bg3 Bd7 14. Ne5 a6
15. Nxd7 Qxd7 16. Qxe4 Rfc8 17. Qf4 Bg5 18. Qg4 f5 19. Qd4 Qc6 20. Bd3 Bf6 21.
Be5 Kf7 22. Bxf6 gxf6 23. c3 b5 24. a3 a5 25. Rd2 b4 26. axb4 axb4 27. Qxb4 Ra1+
28. Bb1 Rca8 29. Rhd1 R8a4 30. Qb3 Ra5 31. Rd4 Qa6 32. Kc2 Rb5 33. Rb4 Rxb4 34.
cxb4 Qe2+ 35. Kc3 Qxf2 36. Kd4 Qxg2 37. Qc2 Qg4+ 38. Kc5 Ra8 39. Qb3 Rc8+ 40.
Kb6 Rb8+ 41. Ka5 Ra8+ 42. Kb6 Rb8+ 43. Ka7 Qg8 44. Rxd5 Ra8+ 45. Kb6 Qb8+ 46.
Kc5 Ra5+ 47. b5 Qc8+ 48. Kb4 Qa8 49. Rd7+ Kg6 50. Qxe6 Ra4+ 51. Kc3 Qa5+ 52. Kc2
Qxb5 53. Qe8+ {Black resigns} 1-0

[Event "Team 45 45 League T68"]
[Site "Internet Chess Club"]
[Date "2016.04.15"]
[Round "6"]
[White "noblitz-oblige"]
[Black "zap2"]
[Result "0-1"]
[WhiteElo "1494"]
[BlackElo "1760"]
[Opening "Pirc defense"]
[ECO "B07"]
[Time "10:32:59"]
[TimeControl "2700+45"]

1. e4 d6 2. d4 Nf6 3. Nc3 e5 4. dxe5 dxe5 5. Qxd8+ Kxd8 6. Bc4 Ke8 7. Nf3 Bd6 8.
Bg5 Nbd7 9. Nb5 Nxe4 10. Nxd6+ Nxd6 11. Bb3 f6 12. Bd2 Nc5 13. Bb4 Nxb3 14. cxb3
Be6 15. Rc1 Rc8 16. O-O Kf7 17. Rc2 Nf5 18. h3 h5 19. Rd2 Rhd8 20. Rfd1 Rxd2 21.
Rxd2 c5 22. Bc3 Nd4 23. Ne1 Rc6 24. Nd3 b6 25. f3 g5 26. Rf2 Rd6 27. Nc1 Bf5 28.
a3 h4 29. b4 c4 30. Rd2 Ke6 31. Kf2 b5 32. Ne2 Bd3 33. Nc1 Nf5 34. b3 Rd5 35.
bxc4 Bxc4 36. Rxd5 Kxd5 37. Bb2 Nd4 38. Ke3 Ne6 39. Ne2 Bxe2 40. Kxe2 Kc4 41.
Ke3 Nf4 42. Ke4 Nxg2 43. Kf5 Ne1 44. Kxf6 Nxf3 45. Kf5 Kd3 46. Kg4 e4 {White
resigns} 0-1

[Event "Team 45 45 League T68"]
[Site "Internet Chess Club"]
[Date "2016.04.17"]
[Round "6"]
[White "jjmolina"]
[Black "alexping"]
[Result "1/2-1/2"]
[WhiteElo "1871"]
[BlackElo "1944"]
[Opening "French: Winawer, advance, 5.a3"]
[ECO "C17"]
[Time "09:05:03"]
[TimeControl "2700+45"]

1. e4 e6 2. d4 d5 3. Nc3 Bb4 4. e5 c5 5. a3 cxd4 6. axb4 dxc3 7. bxc3 Qc7 8. Qd4
Nc6 9. Bb5 Bd7 10. Bxc6 Bxc6 11. Nf3 Bb5 12. Bd2 Ne7 13. Rxa7 Rxa7 14. Qxa7 O-O
15. Qa5 Qxa5 16. bxa5 Bc4 17. Be3 Nc6 18. Bb6 Nxa5 19. Bxa5 Ra8 20. Kd2 Rxa5 21.
Rb1 Ba6 22. Nd4 Kf8 23. f4 g6 24. g4 Ra4 25. Kc1 Rc4 26. Kd2 Rc7 27. Rb6 Ke7 28.
Nb5 Bxb5 29. Rxb5 Kd7 30. Rb6 Kc8 31. Rb4 {Game drawn by mutual agreement}
1/2-1/2

[Event "Team 45 45 League T68"]
[Site "Internet Chess Club"]
[Date "2016.04.16"]
[Round "6"]
[White "bobhill"]
[Black "santiagoelawad"]
[Result "0-1"]
[WhiteElo "1814"]
[BlackElo "1973"]
[Opening "Queen's bishop game"]
[ECO "D02"]
[Time "09:05:20"]
[TimeControl "2700+45"]

1. d4 d5 2. Nf3 Nf6 3. Bf4 Bf5 4. e3 e6 5. Nbd2 c5 6. c3 Nc6 7. Ne5 Nd7 8. Nxc6
bxc6 9. h4 h6 10. Qa4 Qb6 11. b3 Be7 12. Be2 Bg6 13. h5 Bh7 14. Rc1 O-O 15. Nf3
a5 16. Rh3 Rfc8 17. Rg3 Kh8 18. dxc5 Nxc5 19. Qd4 f6 20. Bxh6 gxh6 21. Ne5 Bf5
22. Qf4 Kh7 23. Nf7 Bf8 24. Qh4 Ne4 25. Rg4 Qc7 26. Rxe4 Qxf7 27. Rf4 Bd6 28.
Ra4 e5 29. g4 Bd7 30. f3 c5 31. Bd3+ Kh8 32. Bg6 Qf8 33. Rd1 Bxa4 34. bxa4 d4
35. Qf2 dxc3 36. Qc2 c4 37. Kf2 Rd8 38. Qe4 Bb4 39. Rxd8 Rxd8 40. Qb7 Qe7 41.
Qc6 Qd6 42. Qxc4 Qd2+ 43. Kg3 Qe1+ 44. Kh3 Qh1+ 45. Kg3 c2 46. g5 c1=Q {White
resigns} 0-1

[Event "Team 45 45 League T68"]
[Site "Internet Chess Club"]
[Date "2016.04.17"]
[Round "6"]
[White "Beetlejuice"]
[Black "drsigmund1"]
[Result "1/2-1/2"]
[WhiteElo "1807"]
[BlackElo "1506"]
[Opening "Dutch defense"]
[ECO "A40"]
[Time "08:02:59"]
[TimeControl "2700+45"]

1. d4 e6 2. c4 f5 3. Nf3 Nf6 4. g3 d5 5. Bg2 c6 6. O-O Bd6 7. b3 O-O 8. Ba3 Qe7
9. Bxd6 Qxd6 10. Ne5 Nbd7 11. Nxd7 Bxd7 12. Nd2 Be8 13. Nf3 Bh5 14. Ne5 Nd7 15.
Nxd7 Qxd7 16. Qc2 Rac8 17. e3 Rf6 18. b4 Bg6 19. Qb3 Bh5 20. a4 g5 21. f4 gxf4
22. Rxf4 Be2 23. c5 Qe7 24. Kf2 Bc4 25. Qd1 e5 26. dxe5 Qxe5 27. Qd4 Re8 28. a5
Rh6 29. h4 Rhe6 30. Re1 Bb3 31. Re2 Bc4 32. Re1 Bb3 33. Re2 {Game drawn by
mutual agreement} 1/2-1/2

[Event "Team 45 45 League T68"]
[Site "Internet Chess Club"]
[Date "2016.04.17"]
[Round "6"]
[White "achessman"]
[Black "jonesey"]
[Result "1/2-1/2"]
[WhiteElo "1928"]
[BlackElo "1998"]
[Opening "Ruy Lopez: Caro variation"]
[ECO "C70"]
[Time "21:38:13"]
[TimeControl "2700+45"]

1. e4 e5 2. Nf3 Nc6 3. Bb5 a6 4. Ba4 b5 5. Bb3 Nf6 6. O-O Be7 7. c3 O-O 8. d4 d6
9. h3 exd4 10. cxd4 Na5 11. Bc2 {Game drawn by mutual agreement} 1/2-1/2

[Event "Team 45 45 League T68"]
[Site "Internet Chess Club"]
[Date "2016.04.16"]
[Round "6"]
[White "fledermaus"]
[Black "cityprosecutor"]
[Result "1/2-1/2"]
[WhiteElo "1889"]
[BlackElo "1768"]
[Opening "Réti opening"]
[ECO "A04"]
[Time "07:13:16"]
[TimeControl "2700+45"]

1. Nf3 d6 2. d4 c5 3. d5 Nf6 4. Nc3 g6 5. e4 Bg7 6. Be2 O-O 7. O-O Na6 8. h3 Nc7
9. a4 b6 10. Bf4 a6 11. Qd2 Re8 12. Rfe1 Bb7 13. Bc4 Qd7 14. Qe2 h6 15. Rab1
{Game drawn by mutual agreement} 1/2-1/2

[Event "Team 45 45 League T68"]
[Site "Internet Chess Club"]
[Date "2016.04.15"]
[Round "6"]
[White "Frankly"]
[Black "Invicta-Knight"]
[Result "0-1"]
[WhiteElo "1719"]
[BlackElo "1649"]
[Opening "Blackmar gambit"]
[ECO "B01"]
[Time "15:21:03"]
[TimeControl "2700+45"]

1. e4 d5 2. d4 dxe4 3. Bc4 Nf6 4. Nc3 Bf5 5. Nge2 e6 6. O-O Bd6 7. Bg5 Bxh2+ 8.
Kxh2 Ng4+ 9. Kh1 Qxg5 10. Ng1 Qf4 11. g3 Qh6+ {White resigns} 0-1

[Event "Team 45 45 League T68"]
[Site "Internet Chess Club"]
[Date "2016.04.16"]
[Round "6"]
[White "parrot9"]
[Black "Constrictor"]
[Result "1/2-1/2"]
[WhiteElo "1758"]
[BlackElo "1603"]
[Opening "Caro-Kann: Bronstein-Larsen variation"]
[ECO "B16"]
[Time "11:01:03"]
[TimeControl "2700+45"]

1. e4 c6 2. d4 d5 3. Nc3 dxe4 4. Nxe4 Nf6 5. Nxf6+ gxf6 6. Nf3 Bg4 7. Be2 e6 8.
Bf4 Bd6 9. Bg3 Qc7 10. Nd2 Bf5 11. Nc4 Bxg3 12. hxg3 Nd7 13. Ne3 Bg6 14. Bd3
O-O-O {Game drawn by mutual agreement} 1/2-1/2